EL
ALTOONA CURVE @ JACKSONVILLE SUNS
09/01/2048
 
TOP OF THE 1ST
Altoona Curve batting - Pitching for Jacksonville Suns : RHP Eric Stevenson
Pitching: RHP Eric Stevenson
Batting: LHB Phil DeCamp 0-0: Ball
1-0: Ball
2-0: Called Strike
2-1: Ball
3-1: Foul Ball, location: 2F
3-2: Foul Ball, location: 2F
3-2: Foul Ball, location: 2F
3-2: Base on Balls
Batting: RHB Jordan Robinson Pickoff Throw to First - Out! 1-3
0-0: Called Strike
0-1: Ball
1-1: Ball
2-1: Swinging Strike
2-2: Ball
3-2: Strikes out swinging
Batting: LHB Tomohiro Yokoyama 0-0: Foul Ball, location: 2F
0-1: Foul Ball, location: 2F
0-2: Strikes out swinging
Top of the 1st over - 0 runs, 0 hits, 0 errors, 0 left on base; Altoona 0 - Jacksonville 0
BOTTOM OF THE 1ST
Jacksonville Suns batting - Pitching for Altoona Curve : RHP Joreão Zquete
Pitching: RHP Joreão Zquete
Batting: RHB Boof Howell 0-0: DOUBLE (Groundball, 5L, EV 105.6 MPH)
Batting: RHB Miguel Velasco 0-0: Foul Ball, location: 2F
0-1: Foul Ball, location: 2F
0-2: Ball
1-2: Strikes out swinging
Batting: LHB Matt McKeon 0-0: Foul Ball, location: 2F
0-1: Ball
1-1: Ball
2-1: Swinging Strike
2-2: Ball
3-2: DOUBLE (Flyball, 8RXD, EV 109.4 MPH)
Boof Howell scores
Batting: RHB Akira Suzuki 0-0: Ball
1-0: Ball
2-0: Ground out U3 (Groundball, 34S, EV 70.6 MPH)
Matt McKeon to third
Batting: LHB Dong-u Chang 0-0: Called Strike
0-1: Swinging Strike
0-2: Ball
1-2: Strikes out swinging
Bottom of the 1st over - 1 run, 2 hits, 0 errors, 1 left on base; Altoona 0 - Jacksonville 1
TOP OF THE 2ND
Altoona Curve batting - Pitching for Jacksonville Suns : RHP Eric Stevenson
Batting: LHB Ruben Garza 0-0: Ball
1-0: Swinging Strike
1-1: Ball
2-1: SOLO HOME RUN (Flyball, 89XD, EV 106.2 MPH), Distance : 433 ft
Batting: RHB Freddy Quintero 0-0: Called Strike
0-1: Ball
1-1: Ball
2-1: Ball
3-1: Called Strike
3-2: Base on Balls
Batting: LHB Gregg Kellerman 0-0: Ball
1-0: Ball
2-0: Ball
3-0: Base on Balls
Freddy Quintero to second
Batting: LHB Brandon Sarni 0-0: Ball
1-0: Ball
2-0: Grounds into double play, 5-4-3 (Groundball, 56S, EV 83.1 MPH)
Freddy Quintero to third
Batting: RHB Keiji Nakajima 0-0: SINGLE (Flyball, 56D, EV 96.2 MPH)
Freddy Quintero scores
Batting: RHB Pleun Smit 0-0: Called Strike
0-1: Ball
1-1: Ball
2-1: Swinging Strike
2-2: Strikes out looking
Top of the 2nd over - 2 runs, 2 hits, 0 errors, 1 left on base; Altoona 2 - Jacksonville 1
BOTTOM OF THE 2ND
Jacksonville Suns batting - Pitching for Altoona Curve : RHP Joreão Zquete
Batting: RHB Tom Thompson 0-0: Called Strike
0-1: Swinging Strike
0-2: SINGLE (Groundball, 6, EV 103.1 MPH)
Batting: RHB Alberto Bravo 0-0: Called Strike
0-1: Swinging Strike
0-2: Foul Ball, location: 2F
0-2: Foul Ball, location: 2F
0-2: SINGLE (Line Drive, 6MD, EV 97.5 MPH)
Tom Thompson to second
Batting: LHB Orlando Rivera 0-0: Ball
1-0: SINGLE (Groundball, 6MD, EV 108.1 MPH)
Tom Thompson to third
Alberto Bravo to second
Runner from 3rd tries for Home, throw by CF and OUT! 8-2
Alberto Bravo to third
Orlando Rivera to second
Batting: LHB Emilio Cordero 0-0: Fly out, F7 (Line Drive, 7, EV 105.0 MPH)
Runner from 3rd tags up, SCORES, throw by LF
Orlando Rivera to third
Batting: RHB Boof Howell 0-0: Ball
1-0: Called Strike
1-1: Swinging Strike
1-2: Foul Ball, location: 2F
1-2: Ball
2-2: Foul Ball, location: 2F
2-2: Strikes out swinging
Bottom of the 2nd over - 1 run, 3 hits, 0 errors, 1 left on base; Altoona 2 - Jacksonville 2
TOP OF THE 3RD
Altoona Curve batting - Pitching for Jacksonville Suns : RHP Eric Stevenson
Batting: LHB Phil DeCamp 0-0: Called Strike
0-1: Foul Ball, location: 2F
0-2: Strikes out looking
Batting: RHB Jordan Robinson 0-0: Foul Ball, location: 2F
0-1: Swinging Strike
0-2: Ball
1-2: Foul Ball, location: 2F
1-2: Ball
2-2: Ball
3-2: Ground out 6-3 (Groundball, 6, EV 78.8 MPH)
Batting: LHB Tomohiro Yokoyama 0-0: Ball
1-0: TRIPLE (Flyball, 89XD, EV 108.1 MPH)
Batting: LHB Ruben Garza 0-0: Foul Ball, location: 2F
0-1: Ball
1-1: Ball
2-1: Ground out 4-3 (Groundball, 4, EV 100.0 MPH)
Top of the 3rd over - 0 runs, 1 hit, 0 errors, 1 left on base; Altoona 2 - Jacksonville 2
BOTTOM OF THE 3RD
Jacksonville Suns batting - Pitching for Altoona Curve : RHP Joreão Zquete
Batting: RHB Miguel Velasco 0-0: Ball
1-0: Foul Ball, location: 2F
1-1: Foul Ball, location: 2F
1-2: Ball
2-2: Ball
3-2: SINGLE (Groundball, 56D, EV 101.9 MPH)
Batting: LHB Matt McKeon 0-0: Foul Ball, location: 2F
0-1: Foul Ball, location: 2F
0-2: Ball
1-2: Fielders Choice at 2nd, 4-6 (Groundball, 4MD, EV 88.8 MPH)
Batting: RHB Akira Suzuki 0-0: Foul Ball, location: 2F
0-1: Ball
Matt McKeon steals 2nd base
1-1: Ball
2-1: Ball
3-1: Fly out, F9 (Flyball, 89S, EV 92.5 MPH)
Batting: LHB Dong-u Chang 0-0: Swinging Strike
0-1: Ball
1-1: Called Strike
1-2: Foul Ball, location: 2F
1-2: Foul Ball, location: 2F
1-2: Ball
2-2: Strikes out swinging, 2-3 out at first.
Bottom of the 3rd over - 0 runs, 1 hit, 0 errors, 1 left on base; Altoona 2 - Jacksonville 2
TOP OF THE 4TH
Altoona Curve batting - Pitching for Jacksonville Suns : RHP Eric Stevenson
Batting: RHB Freddy Quintero 0-0: Foul Ball, location: 2F
0-1: Ball
1-1: Ball
2-1: Called Strike
2-2: Fly out, F8 (Flyball, 8LD, EV 98.8 MPH)
Batting: LHB Gregg Kellerman 0-0: Called Strike
0-1: Ball
1-1: Foul Ball, location: 2F
1-2: Ball
2-2: Ball
3-2: Base on Balls
Batting: LHB Brandon Sarni 0-0: Ball
1-0: Ball
2-0: SINGLE (Groundball, 4MD, EV 110.0 MPH)
Gregg Kellerman to second
Batting: RHB Keiji Nakajima 0-0: Ball
1-0: Foul Ball, location: 2F
1-1: Foul Ball, location: 2F
1-2: Strikes out swinging
Batting: RHB Pleun Smit 0-0: Called Strike
0-1: Ball
1-1: Swinging Strike
1-2: Fly out, F4 (Line Drive, 4, EV 65.0 MPH)
Top of the 4th over - 0 runs, 1 hit, 0 errors, 2 left on base; Altoona 2 - Jacksonville 2
BOTTOM OF THE 4TH
Jacksonville Suns batting - Pitching for Altoona Curve : RHP Joreão Zquete
Batting: RHB Tom Thompson 0-0: Fly out, F7 (Flyball, 7, EV 75.6 MPH)
Batting: RHB Alberto Bravo 0-0: Called Strike
0-1: Ball
1-1: Ground out 4-3 (Groundball, 4, EV 106.2 MPH)
Batting: LHB Orlando Rivera 0-0: Foul Ball, location: 2F
0-1: Foul Ball, location: 2F
0-2: Ball
1-2: Strikes out swinging
Bottom of the 4th over - 0 runs, 0 hits, 0 errors, 0 left on base; Altoona 2 - Jacksonville 2
TOP OF THE 5TH
Altoona Curve batting - Pitching for Jacksonville Suns : RHP Eric Stevenson
Batting: LHB Phil DeCamp 0-0: Called Strike
0-1: Ball
1-1: Ball
2-1: Ball
3-1: Foul Ball, location: 2F
3-2: Ground out 4-3 (Groundball, 34, EV 90.0 MPH)
Batting: RHB Jordan Robinson 0-0: Ball
1-0: Ball
2-0: Foul Ball, location: 2F
2-1: Swinging Strike
2-2: Ground out 6-3 (Groundball, 6, EV 98.8 MPH)
Batting: LHB Tomohiro Yokoyama 0-0: Ball
1-0: Called Strike
1-1: SOLO HOME RUN (Flyball, 9D, EV 98.8 MPH), Distance : 367 ft
Batting: LHB Ruben Garza 0-0: Called Strike
0-1: Ball
1-1: Called Strike
1-2: Strikes out swinging
Top of the 5th over - 1 run, 1 hit, 0 errors, 0 left on base; Altoona 3 - Jacksonville 2
BOTTOM OF THE 5TH
Jacksonville Suns batting - Pitching for Altoona Curve : RHP Joreão Zquete
Batting: LHB Emilio Cordero 0-0: Ball
1-0: Ball
2-0: Called Strike
2-1: Swinging Strike
2-2: DOUBLE (Line Drive, 78D, EV 102.5 MPH)
Batting: RHB Boof Howell 0-0: Ball
1-0: Ground out 6-3 (Groundball, 6, EV 86.9 MPH)
Emilio Cordero to third
Batting: RHB Miguel Velasco 0-0: Ball
1-0: SINGLE (Groundball, 56D, EV 99.4 MPH)
Emilio Cordero scores
Batting: LHB Matt McKeon 0-0: Swinging Strike
0-1: Foul Ball, location: 2F
0-2: Ball
1-2: Ball
2-2: Ball
3-2: Base on Balls
Miguel Velasco to second
Batting: RHB Akira Suzuki 0-0: DOUBLE (Line Drive, 89D, EV 106.2 MPH)
Miguel Velasco scores
Matt McKeon to third
Batting: LHB Dong-u Chang 0-0: Called Strike
0-1: Ground out 6-3 (Groundball, 6M, EV 100.6 MPH)
Matt McKeon scores
Akira Suzuki to third
Batting: RHB Tom Thompson 0-0: Ball
1-0: Ball
2-0: Foul Ball, location: 2F
2-1: SINGLE (Groundball, 4MD, EV 98.8 MPH)
Akira Suzuki scores
Pitching: LHP Don Quiponch
Batting: RHB Alberto Bravo 0-0: Ball
Tom Thompson steals 2nd base (no throw)
1-0: Ground out 6-3 (Groundball, 6S, EV 74.4 MPH)
Bottom of the 5th over - 4 runs, 4 hits, 0 errors, 1 left on base; Altoona 3 - Jacksonville 6
TOP OF THE 6TH
Altoona Curve batting - Pitching for Jacksonville Suns : RHP Eric Stevenson
Pitching: RHP Earl Shepherd
Batting: RHB Freddy Quintero 0-0: Ball
1-0: SINGLE (Line Drive, 5D, EV 101.9 MPH)
Batting: LHB Gregg Kellerman 0-0: Called Strike
0-1: Ball
1-1: Called Strike
1-2: Ball
2-2: 2-RUN HOME RUN (Flyball, 9LD, EV 91.9 MPH), Distance : 347 ft
Batting: LHB Brandon Sarni 0-0: Ball
1-0: Called Strike
1-1: Swinging Strike
1-2: Strikes out swinging
Batting: RHB Keiji Nakajima 0-0: Ball
1-0: Ball
2-0: Fly out, F8 (Line Drive, 8RS, EV 92.5 MPH)
Pinch Hitting: RHB Adam Kaeser 0-0: Called Strike
0-1: Foul Ball, location: 2F
0-2: Ball
1-2: Strikes out swinging
Top of the 6th over - 2 runs, 2 hits, 0 errors, 0 left on base; Altoona 5 - Jacksonville 6
BOTTOM OF THE 6TH
Jacksonville Suns batting - Pitching for Altoona Curve : LHP Don Quiponch
Now at 2B: Donald Imre
Now at SS: Brandon Sarni
Batting: LHB Orlando Rivera 0-0: Ground out 5-3 (Groundball, 56S, EV 92.5 MPH)
Batting: LHB Emilio Cordero 0-0: Ball
1-0: SINGLE (Line Drive, 34D, EV 95.6 MPH)
Batting: RHB Boof Howell 0-0: Ball
1-0: Ground out 5-3 (Groundball, 56S, EV 66.9 MPH)
Emilio Cordero to second
Batting: RHB Miguel Velasco 0-0: Foul Ball, location: 2F
0-1: Foul Ball, location: 2F
0-2: Ball
1-2: Foul Ball, location: 2F
1-2: Ball
2-2: Ball
3-2: Fly out, F7 (Flyball, 78M, EV 88.1 MPH)
Bottom of the 6th over - 0 runs, 1 hit, 0 errors, 1 left on base; Altoona 5 - Jacksonville 6
TOP OF THE 7TH
Altoona Curve batting - Pitching for Jacksonville Suns : RHP Earl Shepherd
Batting: LHB Phil DeCamp 0-0: Swinging Strike
0-1: Fly out, F7 (Flyball, 7, EV 83.8 MPH)
Batting: RHB Jordan Robinson 0-0: Ball
1-0: Called Strike
1-1: Ball
2-1: Reached on error, E4 (Groundball, 4M, EV 78.8 MPH)
Batting: LHB Tomohiro Yokoyama 0-0: Called Strike
0-1: Ball
1-1: Called Strike
Balk!
Jordan Robinson to third
1-2: Foul Ball, location: 2F
1-2: Strikes out swinging
Batting: LHB Ruben Garza 0-0: Called Strike
0-1: Ball
1-1: Called Strike
1-2: Foul Ball, location: 2F
1-2: Foul Ball, location: 2F
1-2: Foul Ball, location: 2F
1-2: Ball
2-2: Ball
3-2: Foul Ball, location: 2F
3-2: Base on Balls
Batting: RHB Freddy Quintero 0-0: Ball
Ruben Garza is caught stealing 2nd base 2-4
Top of the 7th over - 0 runs, 0 hits, 1 error, 1 left on base; Altoona 5 - Jacksonville 6
BOTTOM OF THE 7TH
Jacksonville Suns batting - Pitching for Altoona Curve : LHP Don Quiponch
Batting: LHB Matt McKeon 0-0: Swinging Strike
0-1: Ball
1-1: Foul Ball, location: 2F
1-2: TRIPLE (Line Drive, 7D, EV 109.4 MPH)
Batting: RHB Akira Suzuki 0-0: Ball
1-0: Swinging Strike
1-1: Swinging Strike
1-2: Ball
2-2: Strikes out looking
Batting: LHB Dong-u Chang 0-0: Ground out 6-3 (Groundball, 6, EV 84.4 MPH)
Batting: RHB Tom Thompson 0-0: Ground out 5-3 (Groundball, 56, EV 96.2 MPH)
Bottom of the 7th over - 0 runs, 1 hit, 0 errors, 1 left on base; Altoona 5 - Jacksonville 6
TOP OF THE 8TH
Altoona Curve batting - Pitching for Jacksonville Suns : RHP Earl Shepherd
Pitching: RHP Matt Alexander
Batting: RHB Freddy Quintero 0-0: Ball
1-0: Ground out 4-3 (Groundball, 4, EV 98.1 MPH)
Batting: LHB Gregg Kellerman 0-0: Ball
1-0: Foul Ball, location: 2F
1-1: Swinging Strike
1-2: Strikes out looking and he ARGUES THE CALL AND IS TOSSED!
Batting: LHB Brandon Sarni 0-0: Ball
1-0: Ground out 1-3 (Groundball, 34S, EV 61.2 MPH)
Top of the 8th over - 0 runs, 0 hits, 0 errors, 0 left on base; Altoona 5 - Jacksonville 6
BOTTOM OF THE 8TH
Jacksonville Suns batting - Pitching for Altoona Curve : LHP Don Quiponch
Now at 1B: Nick Rooney
Batting: RHB Alberto Bravo 0-0: Ground out 6-3 (Groundball, 56, EV 101.9 MPH)
Batting: LHB Orlando Rivera 0-0: Ball
1-0: Foul Ball, location: 2F
1-1: Ball
2-1: Ball
3-1: Foul Ball, location: 2F
3-2: Strikes out swinging
Batting: LHB Emilio Cordero 0-0: Called Strike
0-1: Ball
1-1: Foul Ball, location: 2F
1-2: Ball
2-2: Strikes out swinging
Bottom of the 8th over - 0 runs, 0 hits, 0 errors, 0 left on base; Altoona 5 - Jacksonville 6
TOP OF THE 9TH
Altoona Curve batting - Pitching for Jacksonville Suns : RHP Matt Alexander
Pitching: RHP Chris Forster
Batting: RHB Keiji Nakajima 0-0: Called Strike
0-1: Swinging Strike
0-2: Foul Ball, location: 2F
0-2: Fly out, F4 (Popup, 4, EV 73.1 MPH)
Batting: LHB Donald Imre 0-0: SOLO HOME RUN (Flyball, 9LD, EV 93.8 MPH), Distance : 352 ft
Batting: LHB Phil DeCamp 0-0: Ball
1-0: Called Strike
1-1: Called Strike
1-2: Reached on error, E4 (Groundball, 4, EV 83.8 MPH)
Batting: RHB Jordan Robinson 0-0: Called Strike
0-1: Ball
1-1: Grounds into double play, 6-4-3 (Groundball, 6, EV 103.1 MPH)
Top of the 9th over - 1 run, 1 hit, 1 error, 0 left on base; Altoona 6 - Jacksonville 6
BOTTOM OF THE 9TH
Jacksonville Suns batting - Pitching for Altoona Curve : LHP Don Quiponch
Pitching: LHP Mario Flores
Batting: RHB Boof Howell 0-0: Ball
1-0: Ball
2-0: Ball
3-0: Base on Balls
Batting: RHB Miguel Velasco 0-0: Bunt missed!
0-1: Ball
1-1: Ball
2-1: Bunt missed!
2-2: Grounds into double play, 6-4-3 (Groundball, 6M, EV 100.6 MPH)
Pinch Hitting: RHB Len Graham 0-0: Ball
1-0: Called Strike
1-1: Ground out 6-3 (Groundball, 56, EV 106.2 MPH)
Bottom of the 9th over - 0 runs, 0 hits, 0 errors, 0 left on base; Altoona 6 - Jacksonville 6
TOP OF THE 10TH
Altoona Curve batting - Pitching for Jacksonville Suns : RHP Chris Forster
Pitching: LHP Tyler Murders
Now in RF: Matt Moore
Batting: LHB Tomohiro Yokoyama 0-0: Called Strike
0-1: Swinging Strike
0-2: Strikes out swinging
Batting: LHB Ruben Garza 0-0: Ball
1-0: Called Strike
1-1: Foul Ball, location: 2F
1-2: Ball
2-2: Strikes out swinging
Batting: RHB Freddy Quintero 0-0: Called Strike
0-1: Ball
1-1: Ground out 4-3 (Groundball, 4, EV 86.2 MPH)
Top of the 10th over - 0 runs, 0 hits, 0 errors, 0 left on base; Altoona 6 - Jacksonville 6
BOTTOM OF THE 10TH
Jacksonville Suns batting - Pitching for Altoona Curve : LHP Mario Flores
Pitching: RHP Alex Romero
Batting: RHB Akira Suzuki 0-0: Called Strike
0-1: Called Strike
0-2: Ball
1-2: Strikes out swinging
Batting: LHB Dong-u Chang 0-0: Swinging Strike
0-1: Ball
1-1: DOUBLE (Groundball, 3L, EV 100.0 MPH)
Pinch Hitting: LHB Carlos Mosqueda 0-0: Intentional Walk
Batting: RHB Alberto Bravo 0-0: Swinging Strike
0-1: Foul Ball, location: 2F
0-2: Foul Ball, location: 2F
0-2: Ball
1-2: Ball
2-2: Strikes out swinging
Batting: LHB Orlando Rivera 0-0: Ball
1-0: Called Strike
1-1: Swinging Strike
1-2: Ball
2-2: Fielders Choice at 2nd, 5-4 (Groundball, 56, EV 84.4 MPH)
Bottom of the 10th over - 0 runs, 1 hit, 0 errors, 2 left on base; Altoona 6 - Jacksonville 6
TOP OF THE 11TH
Altoona Curve batting - Pitching for Jacksonville Suns : LHP Tyler Murders
Now in LF: Larry LeFever
Batting: LHB Nick Rooney 0-0: Called Strike
0-1: Foul Ball, location: 2F
0-2: Ball
1-2: Strikes out swinging
Batting: LHB Brandon Sarni 0-0: Ground out 1-3 (Groundball, 13S, EV 68.8 MPH)
Batting: RHB Keiji Nakajima 0-0: Called Strike
0-1: Ball
1-1: Ball
2-1: Ball
3-1: Swinging Strike
3-2: Foul Ball, location: 2F
3-2: Ground out 6-3 (Groundball, 6, EV 88.8 MPH)
Top of the 11th over - 0 runs, 0 hits, 0 errors, 0 left on base; Altoona 6 - Jacksonville 6
BOTTOM OF THE 11TH
Jacksonville Suns batting - Pitching for Altoona Curve : RHP Alex Romero
Batting: LHB Emilio Cordero 0-0: Ball
1-0: Ball
2-0: Ball
3-0: Base on Balls
Batting: RHB Boof Howell 0-0: Bunted foul
0-1: Sac Bunt to 25 - play at first, batter OUT! 5-3
Emilio Cordero to second
Batting: RHB Miguel Velasco 0-0: Called Strike
0-1: Ball
1-1: Foul Ball, location: 2F
1-2: Fly out, F9 (Flyball, 9D, EV 96.2 MPH)
Runner from 2nd tags up, SAFE at 3rd, no throw by RF
Batting: SHB Matt Moore 0-0: Ball
1-0: Ball
2-0: SINGLE (Line Drive, 56, EV 99.4 MPH)
Emilio Cordero scores
Bottom of the 11th over - 1 run, 1 hit, 0 errors, 1 left on base; Altoona 6 - Jacksonville 7
Tuesday, March 28th , 2023 - OOTP Baseball 23.10 Build 110